General information
- name: BNet
- type: Ladder team game (AT/RT)
- host: Battle.net
- saver: Spitfire
map: GolemsInTheMist
- players: 8
- length: 25:45
- speed: Fast
- version: 1.26 W3XP
- replay type: Public
» download(235 KB)
Players
team 1 (winner)
miniraeace (
blue | 29 APM | 758 actions | 25:44)
5 Crypt Lord
3 Carrion Beetles
2 Spiked Carapace
3 Death Knight
2 Death Coil
1 Unholy Aura
» actions
| Build / train | 53 | |
| Enter build submenu | 18 | |
| Enter hero's abilities submenu | 8 | |
| Give item / drop item | 3 | |
| Right click | 304 | |
| Select / deselect | 310 | |
| Use ability | 62 | |
758 total
» units
| Acolyte | 4 | |
| Ghoul | 2 | |
| Crypt Fiend | 15 | |
21 total
» upgrades
| Burrow | 1 | |
| Web | 1 | |
| Creature Carapace | 2 | |
| Creature Attack | 2 | |
6 total
» buildings
| Graveyard | 1 | |
| Crypt | 2 | |
| Ziggurat | 8 | |
| Altar of Darkness | 1 | |
| Tomb of Relics | 1 | |
| Halls of the Dead | 1 | |
| Nerubian Tower | 1 | |
| Spirit Tower | 3 | |
| Necropolis | 2 | |
| Black Citadel | 1 | |
21 total
» build order
00:22 Graveyard
01:17 Crypt
01:21 Crypt
01:23 Ziggurat
01:31 Altar of Darkness
01:46 Ziggurat
02:15 Tomb of Relics
03:26 Halls of the Dead
03:41 Ziggurat
04:28 Ziggurat
05:38 Nerubian Tower
05:43 Spirit Tower
07:05 Necropolis
14:03 Necropolis
14:22 Ziggurat
14:24 Ziggurat
15:06 Spirit Tower
15:09 Spirit Tower
16:29 Ziggurat
16:32 Black Citadel
16:35 Ziggurat
» items
| Rod of Necromancy | 1 | |
| Potion of Healing | 4 | |
| Scroll of Town Portal | 3 | |
| Healing Salve | 1 | |
9 total

»
afint (
orange | 76 APM | 1947 actions | 25:44)
4 Blademaster
2 Wind Walk
2 Critical Strike
3 Shadow Hunter
1 Hex
2 Healing Wave
» actions
| Assign group hotkey | 37 | |
| Basic commands | 202 | |
| Build / train | 68 | |
| ESC pressed | 1 | |
| Enter build submenu | 21 | |
| Enter hero's abilities submenu | 7 | |
| Give item / drop item | 3 | |
| Right click | 610 | |
| Select / deselect | 256 | |
| Select group hotkey | 606 | |
| Use ability | 136 | |
1947 total
» units
| Peon | 8 | |
| Kodo Beast | 2 | |
| Tauren | 3 | |
| Shaman | 4 | |
| Troll Batrider | 2 | |
19 total
» upgrades
| Shaman Training | 2 | |
| Pulverize | 1 | |
| Melee Weapons | 1 | |
| War Drums Damage Increase | 1 | |
| Armor | 2 | |
| Ensnare | 1 | |
| Reinforced Defenses | 1 | |
9 total
» buildings
| Altar of Storms | 1 | |
| Orc Burrow | 7 | |
| Voodoo Lounge | 1 | |
| War Mill | 2 | |
| Stronghold | 1 | |
| Watch Tower | 2 | |
| Fortress | 2 | |
| Spirit Lodge | 2 | |
| Beastiary | 1 | |
| Tauren Totem | 2 | |
21 total
» build order
00:08 Altar of Storms
00:21 Orc Burrow
00:49 Voodoo Lounge
01:23 Orc Burrow
01:43 War Mill
02:54 Stronghold
03:25 Watch Tower
03:42 Watch Tower
05:31 Fortress
05:35 Spirit Lodge
05:39 Spirit Lodge
05:52 Beastiary
07:12 Orc Burrow
08:02 Tauren Totem
08:02 Tauren Totem
11:42 Orc Burrow
17:14 War Mill
17:16 Orc Burrow
17:16 Orc Burrow
18:33 Orc Burrow
» items
| Healing Salve | 5 | |
| Lesser Clarity Potion | 8 | |
| Scroll of Speed | 1 | |
| Potion of Healing | 3 | |
| Orb of Lightning | 2 | |
| Scroll of Town Portal | 6 | |
| Potion of Mana | 1 | |
26 total

»
GoldRush (
yellow | 105 APM | 2702 actions | 25:44)
5 Warden
3 Fan of Knives
2 Blink
» actions
| Assign group hotkey | 49 | |
| Basic commands | 32 | |
| Build / train | 108 | |
| ESC pressed | 3 | |
| Enter build submenu | 42 | |
| Enter hero's abilities submenu | 7 | |
| Give item / drop item | 3 | |
| Right click | 1331 | |
| Select / deselect | 338 | |
| Select group hotkey | 620 | |
| Use ability | 169 | |
2702 total
» units
| Wisp | 38 | |
| Archer | 6 | |
| Huntress | 4 | |
| Hippogryph | 9 | |
| Chimaera | 5 | |
62 total
» upgrades
| Ultravision | 1 | |
| Strength of the Wild | 3 | |
| Reinforced Hides | 3 | |
| Improved Bows | 1 | |
| Sentinel | 1 | |
| Nature's Blessing | 1 | |
| Well Spring | 1 | |
| Marksmanship | 1 | |
| Corrosive Breath | 1 | |
13 total
» buildings
| Altar of Elders | 1 | |
| Moon Well | 9 | |
| Ancient of War | 1 | |
| Hunter's Hall | 1 | |
| Tree of Life | 2 | |
| Ancient Protector | 15 | |
| Ancient of Wonders | 1 | |
| Tree of Ages | 4 | |
| Tree of Eternity | 3 | |
| Ancient of Wind | 1 | |
| Chimaera Roost | 2 | |
40 total
» build order
00:06 Altar of Elders
00:08 Moon Well
00:49 Ancient of War
01:27 Moon Well
01:31 Moon Well
02:43 Hunter's Hall
03:28 Moon Well
04:41 Tree of Life
04:57 Ancient Protector
05:06 Ancient Protector
05:26 Moon Well
05:53 Ancient of Wonders
06:08 Tree of Ages
06:08 Tree of Ages
08:51 Moon Well
08:55 Ancient Protector
09:58 Moon Well
09:59 Tree of Eternity
10:00 Tree of Eternity
10:36 Ancient of Wind
10:55 Moon Well
11:00 Moon Well
12:03 Ancient Protector
12:15 Ancient Protector
12:53 Chimaera Roost
12:57 Chimaera Roost
15:36 Ancient Protector
15:41 Ancient Protector
17:59 Ancient Protector
18:00 Ancient Protector
18:01 Ancient Protector
18:04 Ancient Protector
22:30 Tree of Life
22:33 Ancient Protector
22:34 Ancient Protector
22:36 Ancient Protector
22:39 Ancient Protector
» items
| Lesser Clarity Potion | 1 | |
| Orb of Venom | 2 | |
| Staff of Preservation | 1 | |
| Anti-magic Potion | 3 | |
| Scroll of Town Portal | 5 | |
| Potion of Healing | 1 | |
| Orb of Corruption | 1 | |
14 total
Spitfire (
pink | 85 APM | 2191 actions | 25:45)
8 Blood Mage
3 Flame Strike
2 Siphon Mana
1 Summon Phoenix
2 Banish
» actions
| Assign group hotkey | 333 | |
| Basic commands | 33 | |
| Build / train | 80 | |
| Enter build submenu | 40 | |
| Enter hero's abilities submenu | 8 | |
| Give item / drop item | 1 | |
| Remove unit from queue | 2 | |
| Right click | 1011 | |
| Select / deselect | 361 | |
| Select group hotkey | 216 | |
| Use ability | 106 | |
2191 total
» units
| Peasant | 13 | |
| Footman | 4 | |
| Goblin Shredder | 1 | |
| Sorceress | 2 | |
| Gryphon Rider | 6 | |
26 total
» upgrades
| Lumber Harvesting | 1 | |
| Masonry | 3 | |
| Sorceress Training | 1 | |
| Magic Sentry | 1 | |
| Storm Hammers | 1 | |
| Swords | 3 | |
| Armor | 3 | |
| Animal War Training | 1 | |
14 total
» buildings
| Altar of Kings | 1 | |
| Barracks | 1 | |
| Farm | 10 | |
| Scout Tower | 18 | |
| Arcane Tower | 2 | |
| Keep | 1 | |
| Arcane Vault | 1 | |
| Town Hall | 2 | |
| Lumber Mill | 2 | |
| Arcane Sanctum | 1 | |
| Guard Tower | 4 | |
| Castle | 1 | |
| Gryphon Aviary | 4 | |
| Blacksmith | 2 | |
50 total
» build order
00:49 Altar of Kings
00:52 Barracks
00:57 Farm
01:01 Scout Tower
01:05 Farm
01:06 Farm
02:06 Arcane Tower
02:23 Farm
02:26 Farm
03:51 Keep
04:15 Arcane Vault
04:25 Town Hall
04:41 Lumber Mill
05:43 Farm
06:19 Arcane Sanctum
06:49 Scout Tower
06:51 Scout Tower
06:57 Scout Tower
06:58 Scout Tower
07:03 Scout Tower
07:04 Scout Tower
07:04 Scout Tower
07:05 Scout Tower
07:37 Guard Tower
08:12 Arcane Tower
08:15 Guard Tower
08:57 Castle
10:29 Gryphon Aviary
10:29 Gryphon Aviary
10:30 Gryphon Aviary
10:30 Gryphon Aviary
10:36 Blacksmith
10:37 Blacksmith
11:07 Farm
11:08 Farm
11:09 Farm
11:10 Farm
11:58 Scout Tower
11:58 Scout Tower
12:12 Scout Tower
12:13 Scout Tower
12:15 Scout Tower
12:22 Scout Tower
12:23 Scout Tower
12:23 Scout Tower
13:00 Guard Tower
14:05 Guard Tower
17:25 Lumber Mill
22:39 Town Hall
» items
| Scroll of Regeneration | 5 | |
| Potion of Mana | 3 | |
| Lesser Clarity Potion | 3 | |
| Potion of Healing | 2 | |
| Scroll of Town Portal | 4 | |
| Scroll of Healing | 3 | |
| Orb of Corruption | 1 | |
21 total
team 2 (loser)

»
IsuckBad (
teal | 49 APM | 1169 actions | 23:58)
3 Blood Mage
2 Flame Strike
1 Siphon Mana
1 Mountain King
1 Storm Bolt
» actions
| Assign group hotkey | 25 | |
| Basic commands | 2 | |
| Build / train | 61 | |
| Enter build submenu | 24 | |
| Enter hero's abilities submenu | 4 | |
| Right click | 506 | |
| Select / deselect | 216 | |
| Select group hotkey | 281 | |
| Use ability | 50 | |
1169 total
» units
| Peasant | 8 | |
| Footman | 3 | |
| Rifleman | 6 | |
| Mortar Team | 5 | |
| Spell Breaker | 4 | |
| Flying Machine | 1 | |
| Knight | 3 | |
| Siege Engine | 6 | |
36 total
» upgrades
| Gunpowder | 2 | |
| Flare | 1 | |
| Magic Sentry | 1 | |
| Barrage | 1 | |
| Lumber Harvesting | 1 | |
| Plating | 1 | |
| Animal War Training | 1 | |
| Swords | 1 | |
| Masonry | 1 | |
| Flak Cannons | 1 | |
11 total
» buildings
| Farm | 12 | |
| Altar of Kings | 1 | |
| Barracks | 1 | |
| Arcane Vault | 1 | |
| Scout Tower | 2 | |
| Blacksmith | 1 | |
| Lumber Mill | 1 | |
| Arcane Tower | 1 | |
| Guard Tower | 1 | |
| Keep | 1 | |
| Workshop | 2 | |
| Arcane Sanctum | 1 | |
| Castle | 1 | |
| Town Hall | 1 | |
27 total
» build order
00:30 Farm
00:42 Altar of Kings
00:58 Barracks
01:08 Farm
01:42 Arcane Vault
01:54 Scout Tower
02:17 Blacksmith
02:29 Lumber Mill
02:42 Arcane Tower
02:55 Farm
03:56 Scout Tower
04:04 Farm
04:25 Farm
04:52 Farm
05:10 Farm
05:11 Guard Tower
05:39 Keep
05:58 Farm
06:40 Farm
08:14 Workshop
08:18 Workshop
09:35 Farm
10:34 Arcane Sanctum
10:47 Castle
13:13 Farm
13:53 Farm
22:24 Town Hall
» items
| Scroll of Town Portal | 2 | |
| Scroll of Regeneration | 2 | |
4 total
SoulSavers (
green | 122 APM | 2947 actions | 24:08)
5 Death Knight
3 Death Coil
2 Unholy Aura
3 Lich
2 Frost Nova
1 Frost Armor
» actions
| Assign group hotkey | 28 | |
| Basic commands | 66 | |
| Build / train | 71 | |
| Enter build submenu | 13 | |
| Enter hero's abilities submenu | 8 | |
| Give item / drop item | 4 | |
| Remove unit from queue | 1 | |
| Right click | 1062 | |
| Select / deselect | 786 | |
| Select group hotkey | 817 | |
| Use ability | 91 | |
2947 total
» units
| Acolyte | 4 | |
| Ghoul | 3 | |
| Crypt Fiend | 12 | |
| Obsidian Statue | 5 | |
| Frost Wyrm | 1 | |
25 total
» upgrades
| Web | 1 | |
| Burrow | 1 | |
| Destroyer Form | 0 | |
| Creature Carapace | 1 | |
| Creature Attack | 2 | |
5 total
» buildings
| Crypt | 1 | |
| Graveyard | 1 | |
| Ziggurat | 4 | |
| Altar of Darkness | 1 | |
| Tomb of Relics | 1 | |
| Nerubian Tower | 1 | |
| Halls of the Dead | 1 | |
| Spirit Tower | 2 | |
| Black Citadel | 1 | |
| Sacrificial Pit | 1 | |
| Slaughterhouse | 1 | |
| Boneyard | 1 | |
16 total
» build order
00:20 Crypt
00:23 Graveyard
00:37 Ziggurat
00:56 Altar of Darkness
01:14 Tomb of Relics
01:59 Ziggurat
03:12 Nerubian Tower
04:01 Halls of the Dead
04:44 Ziggurat
05:00 Ziggurat
07:11 Spirit Tower
07:51 Black Citadel
10:13 Sacrificial Pit
11:00 Spirit Tower
11:04 Slaughterhouse
12:36 Boneyard
» items
| Rod of Necromancy | 3 | |
| Dust of Appearance | 2 | |
| Sacrificial Skull | 1 | |
| Scroll of Regeneration | 4 | |
| Lesser Clarity Potion | 5 | |
| Potion of Mana | 3 | |
| Potion of Healing | 3 | |
| Scroll of Town Portal | 2 | |
| Orb of Corruption | 1 | |
| Scroll of Healing | 1 | |
25 total

»
aaa-15. (
red | 85 APM | 2123 actions | 25:02)
4 Keeper of the Grove
2 Entangling Roots
1 Force of Nature
1 Thorns Aura
2 Priestess of the Moon
1 Scout
1 Trueshot Aura
» actions
| Assign group hotkey | 27 | |
| Build / train | 61 | |
| ESC pressed | 1 | |
| Enter build submenu | 23 | |
| Enter hero's abilities submenu | 6 | |
| Right click | 1397 | |
| Select / deselect | 249 | |
| Select group hotkey | 295 | |
| Use ability | 64 | |
2123 total
» units
| Wisp | 14 | |
| Archer | 5 | |
| Faerie Dragon | 2 | |
| Hippogryph | 14 | |
| Goblin Shredder | 1 | |
| Chimaera | 4 | |
40 total
» upgrades
| Improved Bows | 1 | |
| Strength of the Wild | 3 | |
| Hippogryph Taming | 1 | |
| Corrosive Breath | 1 | |
| Reinforced Hides | 1 | |
7 total
» buildings
| Altar of Elders | 1 | |
| Moon Well | 7 | |
| Hunter's Hall | 1 | |
| Ancient of War | 2 | |
| Ancient Protector | 2 | |
| Ancient of Wonders | 1 | |
| Tree of Ages | 1 | |
| Tree of Eternity | 1 | |
| Ancient of Wind | 1 | |
| Chimaera Roost | 2 | |
| Tree of Life | 2 | |
21 total
» build order
00:11 Altar of Elders
00:25 Moon Well
01:19 Hunter's Hall
01:50 Ancient of War
02:11 Moon Well
02:14 Moon Well
02:41 Ancient of War
03:00 Ancient Protector
03:25 Ancient of Wonders
04:48 Tree of Ages
04:51 Moon Well
05:41 Ancient Protector
07:19 Tree of Eternity
07:52 Ancient of Wind
10:28 Chimaera Roost
10:33 Chimaera Roost
11:32 Moon Well
11:36 Moon Well
13:04 Moon Well
18:32 Tree of Life
22:23 Tree of Life
» items
| Scroll of Town Portal | 2 | |
| Staff of Preservation | 1 | |
| Potion of Healing | 1 | |
4 total
tillermann (
purple | 110 APM | 2837 actions | 25:43)
4 Blood Mage
2 Flame Strike
1 Siphon Mana
1 Banish
2 Mountain King
1 Storm Bolt
1 Bash
2 Archmage
1 Blizzard
1 Brilliance Aura
» actions
| Assign group hotkey | 36 | |
| Basic commands | 34 | |
| Build / train | 99 | |
| ESC pressed | 3 | |
| Enter build submenu | 36 | |
| Enter hero's abilities submenu | 9 | |
| Give item / drop item | 1 | |
| Right click | 846 | |
| Select / deselect | 599 | |
| Select group hotkey | 1023 | |
| Use ability | 151 | |
2837 total
» units
| Peasant | 18 | |
| Goblin Shredder | 4 | |
| Mortar Team | 5 | |
| Goblin Zeppelin | 1 | |
| Flying Machine | 1 | |
| Siege Engine | 7 | |
| Goblin Sapper | 3 | |
39 total
» upgrades
| Gunpowder | 2 | |
| Armor | 3 | |
| Barrage | 1 | |
| Magic Sentry | 1 | |
7 total
» buildings
| Altar of Kings | 1 | |
| Farm | 16 | |
| Arcane Vault | 1 | |
| Scout Tower | 10 | |
| Lumber Mill | 1 | |
| Arcane Tower | 2 | |
| Town Hall | 3 | |
| Keep | 1 | |
| Guard Tower | 5 | |
| Blacksmith | 1 | |
| Workshop | 2 | |
| Castle | 1 | |
| Arcane Sanctum | 1 | |
45 total
» build order
00:02 Altar of Kings
00:13 Farm
00:28 Arcane Vault
01:17 Farm
01:31 Scout Tower
01:34 Lumber Mill
02:11 Arcane Tower
03:04 Farm
04:09 Town Hall
05:33 Farm
05:45 Scout Tower
06:07 Keep
06:14 Guard Tower
06:16 Scout Tower
06:18 Blacksmith
06:59 Scout Tower
07:01 Guard Tower
07:09 Scout Tower
07:10 Scout Tower
07:11 Scout Tower
07:32 Farm
07:34 Guard Tower
07:35 Scout Tower
07:50 Guard Tower
07:52 Farm
08:10 Farm
08:12 Guard Tower
08:13 Scout Tower
08:36 Workshop
08:37 Workshop
08:38 Castle
08:52 Farm
09:19 Farm
09:35 Farm
10:02 Farm
10:45 Farm
11:09 Farm
11:29 Farm
12:01 Scout Tower
12:37 Arcane Tower
16:00 Farm
16:33 Farm
16:40 Arcane Sanctum
22:26 Town Hall
22:47 Town Hall
» items
| Lesser Clarity Potion | 6 | |
| Mechanical Critter | 2 | |
| Scroll of Regeneration | 8 | |
| Potion of Healing | 7 | |
| Scroll of Town Portal | 5 | |
| Staff of Sanctuary | 2 | |
| Orb of Fire | 2 | |
32 total
Chat log
(00:09 / Allies) Spitfire: we keep getting same team lawl
(00:12 / Allies) GoldRush: yeah
(01:35 / Allies) miniraeace: spidrs
(01:44 / Allies) Spitfire: Call them by their proper name
(01:55 / All) miniraeace: my pants are on fire
(01:56 / Allies) GoldRush: I doubt he knows it
(01:58 / All) miniraeace: what should i do
(02:06 / All) GoldRush: kill yourself.
(02:10 / All) IsuckBad: what u normally do
(02:23 / Allies) GoldRush: shoo
(02:37 / Allies) Spitfire: money prease
(02:49 / All) miniraeace: romny or oboma
(02:52 / All) GoldRush: neither
(02:56 / All) Spitfire: me ne frego!
(02:57 / All) miniraeace: both
(03:18 / All) miniraeace: the repubdemocratics
(03:31 / All) miniraeace: i'm a jenius
(04:36 / All) miniraeace: my dog likes to bark
(04:39 / All) miniraeace: what should i do
(04:43 / Allies) Spitfire: shoot it
(04:49 / Allies) GoldRush: torture it
(05:47 / All) miniraeace: i feel violated
(05:52 / All) miniraeace: they spying on me
(06:54 / All) miniraeace: fat people smell like cheese, why is that
(06:56 / All) tillermann: lo
(08:04 / All) tillermann: lol
(08:17 / All) GoldRush: Are you laughing that I didn't tp? That was a smart decision
(08:20 / All) GoldRush: 210 gold vs 350
(09:07 / All) tillermann: lol oj is a joke
(10:04 / All) Spitfire: lol fail rush faggots
(10:06 / All) Spitfire: keep cocky
(10:11 / All) GoldRush: it was a timing attack actually
(10:30 / All) miniraeace: they probably fat cheese eaters
(13:41 / All) Spitfire: nice one
(15:08 / All) tillermann: Lol
(15:13 / All) GoldRush: nice try
(16:24 / All) Spitfire: cool lol
(17:16 / Allies) Spitfire: gold
(18:03 / All) tillermann: Lol
(18:08 / Allies) afint: b
(18:20 / All) GoldRush: Why do you only shit talk when winning, bro?
(18:38 / All) Spitfire: wow your teammate came to bail you out you're skilled purple
(19:39 / All) tillermann: Lol oj
(20:43 / All) GoldRush: sup
(20:44 / All) GoldRush: lol
(20:47 / All) Spitfire: lol!
(21:56 / Allies) afint: ]b
(21:57 / Allies) afint: b
(23:44 / All) tillermann: Lo
(24:12 / All) Spitfire: lol
(24:13 / All) GoldRush: Don't leave
(24:15 / All) GoldRush: It's not over yet
(24:16 / All) Spitfire: your taem is bailing!
(24:39 / All) Spitfire: purple yo uare so good why are you losing
(25:06 / All) GoldRush: It's not over yet
(25:08 / All) GoldRush: Don't leave
(25:14 / Allies) GoldRush: wtf happened bro?
(25:38 / All) Spitfire: LOL